 Dungeon Crawl Stone Soup version 0.30.1 (webtiles) character file.

Game seed: 17069262491298907882

80 Wiggles the Chopper (level 4, -2/41 HPs)
             Began as a Minotaur Berserker on July 13, 2023.
             Was a Believer of Trog.
             Succumbed to an orc wizard's poison
             ... on level 3 of the Dungeon.
             The game lasted 00:02:52 (1495 turns).

Wiggles the Chopper (Minotaur Berserker)            Turns: 1495, Time: 00:02:52

Health: -2/41      AC:  9    Str: 24    XL:     4   Next: 18%
Magic:  3/3        EV: 11    Int:  4    God:    Trog [**....]
Gold:   82         SH:  0    Dex:  9    Spells: 3/3 levels left

rFire   . . .        a - +0 hand axe
rCold   . . .        (no shield)
rNeg    . . .        l - +4 ring mail
rPois   .            (helmet restricted)
rElec   .            (no cloak)
rCorr   .            (no gloves)
SInv    .            (no boots)
Will    .....        (no amulet) Stlth
                     (no ring)
HPRegen 0.26/turn    (no ring)
MPRegen 0.08/turn

%: no passive effects
@: lethally poisoned (-2 -> -15)
A: horns 2, retaliatory headbutt
a: Renounce Religion, Berserk, Trog's Hand


You were on level 3 of the Dungeon.
You worshipped Trog.
Trog was pleased with you.
You visited 1 branch of the dungeon, and saw 3 of its levels.

You collected 82 gold pieces.

Inventory:

Hand Weapons
 a - a +0 hand axe (weapon)
Armour
 l - a +4 ring mail (worn)
Scrolls
 c - a scroll of acquirement {unknown}
 g - a scroll of noise {unknown}
 i - 2 scrolls of poison {unknown}
 k - a scroll of fear {unknown}
 n - a scroll of vulnerability {unknown}
Potions
 b - 3 potions of ambrosia {unknown}
 d - a potion of lignification {unknown}
 e - a potion of mutation {unknown}
 f - a potion of invisibility {unknown}
 h - a potion of brilliance {unknown}
 j - a potion of might {unknown}
 m - a potion of cancellation {unknown}


   Skills:
 + Level 4.3 Fighting
 + Level 4.9 Axes
 + Level 3.1 Armour
 + Level 2.6 Dodging
 + Level 0.2 Stealth


You had 3 spell levels left.
You didn't know any spells.
Your spell library was empty.

Dungeon Overview and Level Annotations

Branches:
Dungeon (3/15)

Altars:

Shops:
D:2 [


Innate Abilities, Weirdness & Mutations

You have a pair of horns on your head.
You reflexively headbutt those who attack you in melee.


Message History

The orc wizard is lightly wounded.
You feel very sick.
The orc wizard hits you but does no damage.
You are more poisoned.
You closely miss the orc wizard.
The orc wizard is lightly wounded.
You feel very sick.
The orc wizard points at you and mumbles some strange words.
You are confused.
The orc wizard hits you with a +1 dagger of venom.
You are more poisoned.
An orc comes into view. It is wielding a +0 trident.
The orc shouts!
You are too injured to fight recklessly!
You closely miss the orc wizard.
The orc wizard is lightly wounded.
You feel very sick.
The orc wizard gestures wildly while chanting.
The orc wizard flickers and vanishes!
Deactivating autopickup; reactivate with Ctrl-A.
You bump into the rock wall.
You feel very sick. The orc hits you but does no damage. Something hits you.
You miss something.
You feel very sick. The orc closely misses you.
You feel very sick. Something hits you.
* * * LOW HITPOINT WARNING * * *
The orc barely misses you. Something hits you.
* * * LOW HITPOINT WARNING * * *
You are more poisoned.
A worm comes into view.
* * * LOW HITPOINT WARNING * * *
You feel very sick. The orc hits you with a +0 trident.
* * * LOW HITPOINT WARNING * * *
You feel less confused.
You die...

#........#
#.#..#.#.# .
##.#<.#.# ..
.#######.....#.# ##.
.................
...
..######...#.#.###.#
##.#..#.##..##..
####.##.#)#.#.....
#....)..{)@o.#
#.##.#######.# ..
#.# w# ... ..# .. .#
#### ###


You could see an orc.

Vanquished Creatures
  2 adders (D:2)
  2 adder skeletons (D:2)
  2 adder zombies (D:2)
  A worm (D:2)
  A dart slug (D:1)
  3 orcs (D:3)
  7 endoplasms
  6 goblins
  2 hobgoblins
  2 kobolds
  2 quokkas
  3 ball pythons
  A ball python skeleton (D:2)
  3 frilled lizards
  A quokka skeleton (D:2)
  3 rats (D:1)
41 creatures vanquished.

Notes
Turn   | Place    | Note
-------+----------+-------------------------------------------
     0 | D:1      | Wiggles the Minotaur Berserker began the quest for the Orb.
     0 | D:1      | Reached XP level 1. HP: 19/19 MP: 0/0
   527 | D:1      | Reached XP level 2. HP: 27/27 MP: 1/1
   975 | D:2      | Reached XP level 3. HP: 29/33 MP: 2/2
  1130 | D:2      | Reached ** piety under Trog
  1155 | D:2      | Found Rypteskoi's Armour Boutique.
  1368 | D:2      | Reached XP level 4. HP: 41/41 MP: 3/3
  1494 | D:3      | HP: 1/41 [orc/+0 trident (3)]
  1495 | D:3      | Succumbed to an orc wizard's poison

Illustrated notes

Levels and vault maps discovered:
D:1:      nzn_arrival_depleted_hourglass, layout_loops_ring, serial_aquarium,
          aquarium_bridge_long_separate [aquarium_subvault_bridge,
          aquarium_subvault_balcony, aquarium_subvault_bridge,
          aquarium_subvault_bridge, aquarium_subvault_balcony,
          aquarium_subvault_wall], aquarium_bridge_square
          [aquarium_subvault_wall, aquarium_subvault_bridge,
          aquarium_subvault_window, aquarium_subvault_bridge],
          aquarium_window_1, aquarium_window_2, aquarium_window_1,
          aquarium_view_2d, aquarium_view_2f
D:2:      layout_basic, serial_shops, nicolae_shop_advertising_works
          [nicolae_subvault_shop_adworks], serial_undead, serial_undead_c,
          serial_undead_d, serial_undead_b, serial_undead_c,
          minmay_misc_feat_cross
D:3:      layout_loops_ring, nicolae_overflow_hidden_temple,
          kennysheep_okawaru_gauntlet, uniq_robin

Skill      XL: |  1  2  3 |
---------------+----------+-----
Fighting       | 4 |  4.3
Axes           | 4 |  4.9
Armour         | 3 |  3.1
Dodging        | |  2.6
Stealth        | |  0.2

Action                     |  1- 3 |  4- 6 || total
---------------------------+-------+-------++-------
  Melee: Hand axe          |    75 |    15 ||    90
         Headbutt          |    10 |     3 ||    13
         Punch             |       |     1 ||     1
   Stab: Sleeping          |     1 |       ||     1
 Armour: Ring mail         |    27 |    10 ||    37
  Dodge: Dodged            |    36 |     7 ||    43
